 Dungeon Crawl Stone Soup version 0.31-a0-222-gefeffbb62a (webtiles) character file.

Game seed: 7601111282808999692

151 qw the Shooter (level 5, -3/44 HPs)
             Began as a Minotaur Hexslinger on July 4, 2023.
             Slain by Pargi (4 damage)
             ... in a sewer.
             The game lasted 00:00:40 (1651 turns).

qw the Shooter (Minotaur Hexslinger)                Turns: 1651, Time: 00:00:41

Health: -3/44      AC:  4    Str: 13    XL:     5   Next: 10%
Magic:  5/5        EV: 12    Int: 10    God:
Gold:   125        SH:  0    Dex: 14    Spells: 5/6 levels left

rFire   . . .        Y - +1 sling
rCold   . . .        (no shield)
rNeg    . . .        f - +0 leather armour
rPois   .            (helmet restricted)
rElec   .            (no cloak)
rCorr   .            (no gloves)
SInv    .            c - +0 pair of boots
Will    .....        (no amulet)
Stlth   +            (no ring)
HPRegen 0.27/turn    (no ring)
MPRegen 0.09/turn

%: no passive effects
@: about to teleport
A: horns 2, retaliatory headbutt
a: no special abilities


You were in a sewer.
You visited 1 branch of the dungeon, and saw 3 of its levels.
You also visited: Sewer.

You collected 125 gold pieces.


Innate Abilities, Weirdness & Mutations

You have a pair of horns on your head.
You reflexively headbutt those who attack you in melee.


   Skills:
 + Level 2.8 Fighting
 - Level 5.3 Ranged Weapons
 - Level 2.1 Dodging
 - Level 1.0 Spellcasting
 - Level 2.0 Hexes


You had 5 spell levels left.
You knew the following spells:

 Your Spells              Type           Power      Damage    Failure   Level
a - Slow                  Hex            16%        N/A       19%         1

Your spell library contained the following spells:

 Spells                   Type           Power      Damage    Failure   Level
 Inner Flame              Hex/Fire       2%         N/A       65%         3
 Portal Projectile        Hex/Tloc       4%         N/A       65%         3
 Cause Fear               Hex            2%         N/A       88%         4

Inventory:

Hand Weapons
 Y - a +1 sling (weapon)
Armour
 c - a +0 pair of boots (worn)
 f - a +0 leather armour (worn)
Potions
 d - a potion of cancellation {unknown}
 e - a potion of ambrosia {unknown}
 h - a potion of mutation {unknown}

Dungeon Overview and Level Annotations

Branches:
Dungeon (3/15)              Sewer (1/1)

Altars:

Annotations:
Sewer Pargi


Message History

Pargi is lightly wounded.
You shoot a sling bullet. The sling bullet misses Pargi.
You shoot a sling bullet. The sling bullet hits Pargi.
Pargi is lightly wounded.
Pargi bites you. Pargi claws you. Pargi closely misses you.
You shoot a sling bullet.
The sling bullet hits Pargi but does no damage.
Pargi bites you. Pargi claws you but does no damage. x2
You shoot a sling bullet. The sling bullet misses Pargi.
Pargi bites you. Pargi claws you but does no damage. Pargi misses you.
You shoot a sling bullet. The sling bullet hits Pargi.
Pargi is lightly wounded.
Pargi barely misses you. Pargi claws you. x2; Pargi bites you.
Pargi claws you but does no damage. x2
You shoot a sling bullet. The sling bullet closely misses Pargi.
Pargi closely misses you. Pargi claws you but does no damage.
Pargi completely misses you.
You shoot a sling bullet. The sling bullet closely misses Pargi.
Pargi barely misses you. Pargi closely misses you. Pargi claws you.
You shoot a sling bullet. The sling bullet hits Pargi!
Pargi is moderately wounded.
Pargi bites you. Pargi barely misses you. Pargi claws you.
You shoot a sling bullet. The sling bullet closely misses Pargi.
Pargi bites you. Pargi claws you but does no damage. Pargi claws you.
You shoot a sling bullet. The sling bullet closely misses Pargi.
Pargi bites you! Pargi misses you. Pargi claws you but does no damage.
1648 ||| READING scroll of teleportation.
As you read the scroll of teleportation, it crumbles to dust.
You feel strangely unstable. Pargi bites you but does no damage.
Pargi closely misses you. x2
You shoot a sling bullet. The sling bullet hits Pargi.
Pargi is lightly wounded.
Pargi bites you. Pargi claws you but does no damage. Pargi misses you.
You shoot a sling bullet. The sling bullet hits Pargi.
Pargi is moderately wounded.
Pargi bites you! Pargi closely misses you. Pargi barely misses you.
You shoot a sling bullet. The sling bullet hits Pargi.
Pargi is moderately wounded.
Pargi bites you. Pargi claws you.
You die...

~~~~~~~~~~# .~~~~~~~~~
.~~~~~~~~~ T~~~~~~~#
.~~~~~~~# #~~~~~~~~
#~~~~~~~~ ##T~~~~~#
###@~~~~~~#
##~.~~~~~~~~#
##~~~~~~~~~~~~ ###
##..~~~~~~~~~~# ##.#
#~~~~~~~~~~~~~~
##\\###~~~~~~~~~~~~~~
#~~~%.~~~~~~~~~~~~~~#
#..~~~~.~~~~~~~~~~~~~#
~.~~~~~~~~~~~~~~~~~~~~~


You could see Pargi.

Vanquished Creatures
  An ogre (D:3)
  A gnoll (D:1)
  An adder (Sewer)
  A worm (D:2)
  2 dart slugs
  2 endoplasms (D:2)
  5 giant cockroaches
  5 goblins
  4 hobgoblins
  4 quokkas
  6 ball pythons
  3 bats
  2 frilled lizards
  3 kobolds
  3 rats
43 creatures vanquished.

Notes
Turn   | Place    | Note
-------+----------+-------------------------------------------
     0 | D:1      | qw the Minotaur Hexslinger began the quest for the Orb.
     0 | D:1      | Reached XP level 1. HP: 16/16 MP: 1/1
     0 | D:1      | 0 ||| qw: Version: 0.3-a-46-gb1f654a
     0 | D:1      | 0 ||| qw: Game counter: 875
     0 | D:1      | 0 ||| qw: Melee chars always use a shield: true
     0 | D:1      | 0 ||| qw: God list: Okawaru
     0 | D:1      | 0 ||| qw: Allow faded altars: false
     0 | D:1      | 0 ||| qw: Do Orc after clearing Dungeon:15 true
     0 | D:1      | 0 ||| qw: Do second Lair branch before Depths: true
     0 | D:1      | 0 ||| qw: Lair rune preference: random
     0 | D:1      | 0 ||| qw: Goals: Normal
     0 | D:1      | 0 ||| PLANNING D:1-11
   190 | D:1      | Reached skill level 3 in Ranged Weapons
   225 | D:1      | Reached XP level 2. HP: 11/23 MP: 2/2
   382 | D:1      | 382 ||| Stepping ~*~*~tactically~*~*~ (water).
   634 | D:1      | Reached XP level 3. HP: 29/29 MP: 3/3
   849 | D:1      | 849 ||| UPGRADING to +0 leather armour.
   859 | D:1      | 859 ||| DROPPING +0 robe.
   860 | D:1      | 860 ||| READING scroll labelled IMMIRHYTZE.
   861 | D:1      | 861 ||| READING 2 scrolls labelled KIACZATARR.
   865 | D:1      | 865 ||| READING scroll labelled MEDWIY RONLEIWN.
   866 | D:1      | 866 ||| READING scroll labelled LIASAK RYQ KOL.
   867 | D:1      | 867 ||| DROPPING scroll of poison.
   883 | D:2      | 883 ||| STAIRDANCE
  1220 | D:2      | Found a faded altar of an unknown god.
  1268 | D:2      | Reached skill level 4 in Ranged Weapons
  1441 | D:2      | 1441 ||| UPGRADING to +0 pair of boots.
  1446 | D:2      | 1446 ||| READING scroll labelled EXZIME LOFUREU.
  1447 | D:2      | 1447 ||| READING scroll labelled KADAFU KECACS.
  1473 | D:3      | 1473 ||| PLANNING SEWER
  1481 | D:3      | Noticed an ogre
  1489 | D:3      | Killed an ogre
  1490 | D:3      | Reached skill level 5 in Ranged Weapons
  1490 | D:3      | Reached XP level 4. HP: 36/36 MP: 4/4
  1554 | D:3      | Found a glowing drain.
  1566 | D:3      | Reached XP level 5. HP: 32/42 MP: 5/5
  1618 | Sewer    | Entered a sewer
  1635 | Sewer    | Noticed Pargi
  1636 | Sewer    | 1636 ||| Stepping ~*~*~tactically~*~*~ (water).
  1647 | Sewer    | HP: 10/44 [Pargi (7)]
  1648 | Sewer    | 1648 ||| READING scroll of teleportation.
  1650 | Sewer    | HP: 1/44 [Pargi (7)]
  1651 | Sewer    | Slain by Pargi

Levels and vault maps discovered:
D:1:      tarquinn_simple_flora_water_c, layout_loops_cross, serial_rivers,
          chequers_serial_rivers_micro_e, chequers_serial_rivers_micro_e,
          chequers_serial_rivers_room_a, chequers_serial_rivers_small_3,
          chequers_serial_rivers_large_a
D:2:      layout_basic, ebering_ecumenical_altar_webs
D:3:      layout_loops_ring, amcnicky_altar_gilded, portal_sewer_entry_f,
          uniq_ijyb
Sewer:    sewer_co_pargi_island

Skill      XL: |  1  2  3 |
---------------+----------+-----
Ranged Weapons | 3 5 |  5.3
Fighting       | 2 |  2.8
Dodging        | |  2.1
Spellcasting   | |  1.0
Hexes          | |  2.0

Action                     |  1- 3 |  4- 6 || total
---------------------------+-------+-------++-------
   Fire: Sling             |   125 |    42 ||   167
    Use: Scroll            |     6 |     1 ||     7
 Armour: Robe              |     6 |       ||     6
         Leather armour    |     2 |    20 ||    22
  Dodge: Dodged            |    33 |    25 ||    58

Table legend:
 A = Non-vault XP
 B = Vault XP
 C = Vault XP percentage of total XP
 D = Non-vault monster count
 E = Vault monster count
 F = Vault count percentage of total count
                 A         B        C        D         E       F
            +---------+---------+-------+---------+---------+-------
      Total |     191 |      25 |  11.6 |      36 |       7 |  16.3
            +---------+---------+-------+---------+---------+-------
        D:1 |      46 |       0 |   0.0 |      20 |       0 |   0.0
        D:2 |      26 |       0 |   0.0 |      13 |       0 |   0.0
        D:3 |     119 |      12 |   9.2 |       3 |       6 |  66.7
      Sewer |       0 |      13 | 100.0 |       0 |       1 | 100.0
            +---------+---------+-------+---------+---------+-------
